 Dungeon Crawl Stone Soup version 0.30-a0-1075-gcd70e7a56d (webtiles) character file.

Game seed: 6920608491996400087

4 BlasphemerAmon the Sneak (level 1, -6/15 HPs)
             Began as a Ghoul Enchanter on Apr 15, 2023.
             Mangled by a gnoll
             ... wielding a +0 whip
              (9 damage)
             ... on level 1 of the Dungeon.
             The game lasted 00:01:51 (254 turns).

BlasphemerAmon the Sneak (Ghoul Enchanter)           Turns: 254, Time: 00:01:52

Health: -6/15      AC:  2    Str: 11    XL:     1   Next: 70%
Magic:  2/2        EV:  9    Int: 10    God:
Gold:   0          SH:  5    Dex:  9    Spells: 3/3 levels left

rFire   . . .      SeeInvis .    (no weapon)
rCold   + . .      Faith    .    (no shield)
rNeg    + + +      Spirit   .    b - +0 robe
rPois   ∞          Reflect  +    (no helmet)
rElec   .          Rampage  .    (no cloak)
rCorr   .                        (no gloves)
Will    .....                    (no boots)
Stlth   ++                       e - amulet of reflection
HPRegen 0.00/turn                (no ring)
MPRegen 0.08/turn                (no ring)

@: inhibited regen, constricted
A: claws 1, cold resistance 1, negative energy resistance 3, inhibited
regeneration, torment resistance 2, devour on kill
a: no special abilities


You were on level 1 of the Dungeon.
You visited 1 branch of the dungeon, and saw 1 of its levels.

Inventory:

Hand Weapons
 a - a +1 dagger
Armour
 b - a +0 robe (worn)
Jewellery
 e - an amulet of reflection (around neck)
Scrolls
 f - a scroll of teleportation {unknown}
 i - a scroll of immolation {unknown}
Potions
 c - 2 potions of invisibility
 d - a potion of curing {unknown}
 g - a potion of heal wounds {unknown}
 h - a potion of mutation {unknown}


   Skills:
 * Level 0.5 Fighting
 - Level 0.8 Short Blades
 - Level 1.7 Dodging
 * Level 3.4 Stealth
 * Level 0.4 Unarmed Combat
 - Level 1.7 Spellcasting
 - Level 2.4 Hexes


You had 3 spell levels left.
You didn't know any spells.
Your spell library contained the following spells:

 Spells                   Type           Power      Damage    Failure   Level
 Ensorcelled Hibernation  Hex/Ice        6%         N/A       30%         2
 Confusing Touch          Hex            5%         N/A       34%         3
 Tukima's Dance           Hex            5%         N/A       34%         3
 Dazzling Flash           Conj/Hex       6%         N/A       52%         3


Dungeon Overview and Level Annotations

Branches:
Dungeon (1/15)

Altars:


Innate Abilities, Weirdness & Mutations

You are immune to poison.
You have sharp fingernails.
Your flesh is cold resistant. (rC+)
You are immune to negative energy. (rN+++)
You do not regenerate when monsters are visible.
You are immune to unholy pain and torment.
You thrive by killing the living.


Message History

* * * LOW HITPOINT WARNING * * *
You completely miss the quokka.
The quokka is heavily wounded.
The quokka bites you but does no damage.
You block the quokka's attack.
You scratch the quokka.
You kill the quokka!
You feel better.
You see here a quokka corpse.
g - a bubbling purple potion
Found a scroll labelled OVUYRI GEHIAT.
h - a viscous clear potion You see here 4 stones.
Found a stone staircase leading down.
i - a scroll labelled OVUYRI GEHIAT
Found a short sword.
A gnoll comes into view. It is wielding a +0 whip.
The gnoll shouts!
The gnoll moves out of view.
You closely miss the gnoll.
A ball python comes into view.
The gnoll hits you with a +0 whip.
The ball python hisses angrily.
You scratch the gnoll but do no damage. The gnoll hits you with a +0 whip.
You barely miss the gnoll. The gnoll closely misses you.
You scratch the gnoll.
The gnoll is lightly wounded.
You block the gnoll's attack.
You scratch the gnoll.
The gnoll is moderately wounded.
The gnoll hits you with a +0 whip.
* * * LOW HITPOINT WARNING * * *
The ball python barely misses you. The ball python grabs you.
The ball python constricts you.
You barely miss the gnoll.
The gnoll is moderately wounded.
The ball python misses you. The ball python constricts you.
The gnoll hits you with a +0 whip!
Ouch! That really hurt!
You die...

#...... #......
#...... #......
#......######## .>...
#.............. #....
#......S....... #....
#.g@.......
#....#######..........
#.........###.....###
#.........# #.....#
#.........# #.....#
#.........# #.....#
#...†.....# #.....#
########....####.....#
#......'....+........#


You could see a gnoll and a ball python.

Vanquished Creatures
  A kobold (D:1)
  A quokka (D:1)
  A bat (D:1)
  A frilled lizard (D:1)
  A rat (D:1)
5 creatures vanquished.

Notes
Turn   | Place    | Note
-------+----------+-------------------------------------------
     0 | D:1      | BlasphemerAmon the Ghoul Enchanter began the quest for the
                  | Orb.
     0 | D:1      | Reached XP level 1. HP: 14/14 MP: 2/2
   254 | D:1      | Mangled by a gnoll

Illustrated notes

Levels and vault maps discovered:
D:1:      spicycebolla_green_bress_n_ham, layout_basic,
          minmay_shallow_snake_nest

Action                     || total
---------------------------++-------
  Melee: Unarmed           ||    29
 Armour: Robe              ||     1
  Dodge: Dodged            ||    19
  Block: Other             ||     5

Table legend: (Time is in decaauts)
 A = Elapsed time spent in this place.
 B = Non-inter-level travel time spent in this place.
 C = Inter-level travel time spent in this place.
 D = Time resting spent in this place.
 E = Time spent auto-exploring this place.
 F = Levels seen in this place.
 G = Mean time per level.
                   A        B        C        D        E       F      G
               +--------+--------+--------+--------+--------+-----+--------+
         Total |    253 |    253 |      0 |      0 |      0 |   1 |  253.0 |
       Dungeon |    253 |    253 |      0 |      0 |      0 |   1 |  253.0 |
               +--------+--------+--------+--------+--------+-----+--------+

Top non-repeatable levels by time:
     D:1: 253 daAuts
